 Dungeon Crawl Stone Soup version 0.26-a0-652-gafc20e3620 (console) character file.

Game seed: 16374181583869408863

43 om the Chiller (level 3, -2/26 HPs)
             Began as a Draconian Ice Elementalist on Oct 2, 2020.
             Slain by Edmund
             ... wielding a +5 flail of distortion
              (11 damage)
             ... on level 4 of the Dungeon.
             The game lasted 00:02:39 (1098 turns).

om the Chiller (Draconian Ice Elementalist)         Turns: 1098, Time: 00:02:39

Health: -2/26      AC:  5    Str: 11    XL:     3   Next: 37%
Magic:  2/6        EV: 12    Int: 15    God:
Gold:   89         SH:  0    Dex: 11    Spells: 2/6 levels left

rFire    . . .     SeeInvis .   c - +3 short sword (speed)
rCold    . . .     Faith    .   (no shield)
rNeg     . . .     Spirit   .   (armour unavailable)
rPois    .         Reflect  .   (helmet restricted)
rElec    .         Harm     .   (no cloak)
rCorr    .         Rampage  .   (no gloves)
MR       .....                  (no boots)
Stlth    ++........             (no amulet)
HPRegen  0.08/turn              (no ring)
MPRegen  0.10/turn              (no ring)

@: about to teleport
A: unfitting armour, cold-blooded, AC +5
a: no special abilities


You were on level 4 of the Dungeon.
You visited 1 branch of the dungeon, and saw 3 of its levels.

You collected 89 gold pieces.

Inventory:

Hand Weapons
 c - a +3 short sword of speed (weapon)
Scrolls
 f - a scroll of random uselessness {unknown}
 g - a scroll of identify {unknown}
Potions
 a - a potion of invisibility {unknown}
 b - a potion of stabbing {unknown}
 e - a potion of lignification {unknown}
 h - a potion of heal wounds {unknown}


   Skills:
 + Level 0.9 Short Blades
 + Level 2.2 Dodging
 - Level 2.0 Stealth
 + Level 2.4 Spellcasting
 + Level 4.3 Ice Magic


You had 2 spell levels left.
You knew the following spells:

 Your Spells              Type           Power        Failure   Level
a - Freeze                Ice            ##..         3%          1
b - Frozen Ramparts       Ice            ##....       11%         3

Your spell library contained the following spells:

 Spells                   Type           Power        Failure   Level
 Ozocubu's Armour         Ice            ##......     11%         3
 Hailstorm                Conj/Ice       #.......     65%         4
 Summon Ice Beast         Ice/Summ       #.......     65%         4


Dungeon Overview and Level Annotations

Branches:
Dungeon (2/15)

Altars:
Makhleb

Annotations:
D:2 2 transporters
D:4 Edmund


Innate Abilities, Weirdness & Mutations

Your plain brown scales are hard. (AC +5)
You cannot fit into any form of body armour.
You are cold-blooded and may be slowed by cold attacks.


Message History

Confirm with . or Enter, or press ? or * to list all spells.
The spell is quite dangerous to cast (11% risk of failure)!
Continue anyway?
The walls around you are covered in ice.
The wall freezes Edmund.
Edmund hits you with a +5 flail of distortion.
Space warps horribly around you!
Unknown command.
The wall freezes Edmund.
The wall freezes Edmund.
The wall freezes Edmund.
Edmund says, "I'm quite good with sums, too."
The wall freezes Edmund.
Edmund misses you.
The frozen ramparts melt away.
An ogre comes into view. It is wielding a +0 giant club.
As you read the scroll labeled BAMEOBL HIWEDAS, it crumbles to dust.
You feel strangely unstable.
It was a scroll of teleportation.
The ogre shouts!
Okay, then.
Edmund hits you with a +5 flail of distortion!
You die...

######### #
#.#.....# .
#...#@.# .# .#
##.###@# #.#.#
#..#..#####...###
#......)........#
###..#.##.##.##.
#.#..##.##.#
.O.........#
##.....#.##.#
#.....#.# #
#.#.#....
...##...# #. #
.###


You could see Edmund and an ogre.

Vanquished Creatures
  A dart slug (D:1)
  2 leopard geckos (D:1)
  An orc (D:4)
  4 goblins
  14 jackals (D:1)
  2 bats (D:1)
  4 frilled lizards
  3 kobolds (D:1)
  4 rats (D:1)
35 creatures vanquished.

Notes
Turn   | Place    | Note
-------+----------+-------------------------------------------
     0 | D:1      | om the Draconian Ice Elementalist began the quest for the
                  | Orb.
     0 | D:1      | Reached XP level 1. HP: 14/14 MP: 3/3
   112 | D:1      | Reached XP level 2. HP: 11/20 MP: 0/5
   480 | D:1      | Reached XP level 3. HP: 23/26 MP: 6/6
   485 | D:1      | Learned a level 3 spell: Frozen Ramparts
   769 | D:2      | Found a transporter.
   773 | D:2      | Found a burning altar of Makhleb.
   773 | D:2      | Found a transporter.
  1063 | D:2      | You fall into a shaft and drop 2 floors!
  1074 | D:4      | Noticed Edmund
  1096 | D:4      | Noticed an ogre
  1098 | D:4      | Slain by Edmund

Illustrated notes

Levels and vault maps discovered:
D:1:      psy_arrival_statuary, layout_rooms, minmay_misc_feat_five
D:2:      layout_loops_ring, lemuel_zombie_altar_kikubaaqudgha,
          gammafunk_temple_overflow_arena, marbit_many_paths,
          lexackson_kobold_supper
D:4:      layout_loops_cross, tgw_trog, grunt_dithmenos_shadows,
          kennysheep_mini_moat, serial_bayou_pond_b, uniq_edmund

Skill      XL: |  1 |
---------------+----+-----
Stealth        | 2 |  2.0
Dodging        | 2 |  2.2
Short Blades   | |  0.9
Spellcasting   | |  2.4
Ice Magic      | |  4.3

Action                   || total
-------------------------++-------
Melee: Short sword       ||    92
       Unarmed           ||     2
       Tailslap          ||     4
 Cast: Freeze            ||     6
       Frozen Ramparts   ||     2
  Use: Scroll            ||     1
Armor: Skin              ||    31
Dodge: Dodged            ||    53

Table legend: (Time is in decaauts)
 A = Elapsed time spent in this place.
 B = Non-inter-level travel time spent in this place.
 C = Inter-level travel time spent in this place.
 D = Time resting spent in this place.
 E = Time spent auto-exploring this place.
 F = Levels seen in this place.
 G = Mean time per level.
                   A        B        C        D        E       F      G
               +--------+--------+--------+--------+--------+-----+--------+
         Total |   1071 |   1068 |      3 |    134 |    718 |   3 |  357.0 |
       Dungeon |   1071 |   1068 |      3 |    134 |    718 |   3 |  357.0 |
               +--------+--------+--------+--------+--------+-----+--------+

Top non-repeatable levels by time:
     D:1: 705 daAuts
     D:2: 331 daAuts
     D:4: 34 daAuts
